Cogmind - Beta 15 @@@ ROGUE MODE // 2025.05.09 @ 01:49:49 Player: Epsilon 11 Result: Self-destructed Performance ------------- Evolutions (6) 3000 Regions Visited (26) 5200 Robots Destroyed (140) 700 Value Destroyed (6751) 6751 Prototype IDs (61) 1220 Alien Tech Used (2) 400 Bonus (6938) 6938 TOTAL SCORE: 24209 Bonus ------- High Alert Combat Kills 277 Follower Combat Kills 1906 Network Hubs Disabled 800 Met Data Miner 300 Met Zhirov 300 Met Warlord at Base 500 MAIN.C Attacked Warlord 500 Warlord Defense Kills 1706 Built Enhanced Grunts 300 Met R17 at Cetus 500 Friendly Fire -151 Cogmind --------- Core Integrity 677/1150 Matter 33/300 Energy 32/100 System Corruption 7% Temperature Warm (173) Movement Treading (160) Location -4/Warlord Parts ------- > --- POWER (1) -------- (None) > --- PROPULSION (6) --- Centrium Heavy Treads > --- UTILITY (10) ----- Large Storage Unit Advanced Signal Interpreter Advanced Terrain Scan Processor Advanced Transmission Jammer Improved Medium Armor Plating Graphene Brace Experimental Thermal Shield Advanced System Shield > --- WEAPON (3) ------- Vortex Driver Enhanced Hardcell Cannon > --- INVENTORY (15) --- Vortex Chain Reactor Advanced Power Amplifier Advanced Coolant Injector Advanced Launcher Guidance Computer Matter Filter Experimental ECM Suite Makeshift Hacking Suite Advanced Hacking Suite Ghost Barrier Transdimensional Reconstructor Peak State ------------ > --- POWER ------------ Antimatter Reactor > --- PROPULSION ------- Heavy Siege Treads Centrium Heavy Treads Biometal Heavy Treads > --- UTILITY ---------- Experimental Heat Sink Large Storage Unit Advanced Signal Interpreter Long-range Terrain Scanner Advanced Terrain Scan Processor Advanced Transmission Jammer Improved Medium Armor Plating Centrium Medium Armor Plating Experimental Thermal Shield Advanced System Shield > --- WEAPON ----------- Enhanced Hardcell Cannon Vortex Catalyst Activator > --- INVENTORY -------- Vortex Chain Reactor Advanced Power Amplifier Advanced Coolant Injector Advanced Launcher Guidance Computer Matter Filter Experimental ECM Suite Graphene Brace Makeshift Hacking Suite Advanced Hacking Suite Ghost Barrier Transdimensional Reconstructor Vortex Driver Vortex Driver [Rating: 154] Favorites ----------- Power Fusion Reactor Engine Light Angular Momentum Engine Power Core Light Nuclear Core Reactor Fusion Reactor Propulsion Cooled VTOL Module Treads Centrium Heavy Treads Leg Aluminum Leg Hover Unit Antigrav System Flight Unit Cooled VTOL Module Utility Advanced Terrain Scan Processor Device Experimental Heat Sink Storage Small Storage Unit Processor Advanced Terrain Scan Processor Hackware Improved System Shield Protection Centrium Medium Armor Plating Weapon Enhanced Hardcell Cannon Energy Gun Advanced Variable Charge Gun Energy Cannon HERF Cannon Ballistic Gun Advanced KE Penetrator Ballistic Cannon Enhanced Hardcell Cannon Launcher Fusion Bomb Launcher Impact Weapon Power Maul Slashing Weapon Greatsword Piercing Weapon Heavy Pick Special Melee Weapon Advanced Datajack Build | -11 -10 -10 -9 -9 -8 -7 -7 -7 -7 -6 -6 -6 -6 -6 -6 -5 -5 -5 -5 -4 -4 -4 -4 -4 -4 -4 ------- Run | Yrd Mat Min Mat Min Mat Fac Low Low Dat Pro Fac Ext Cet Arc Hub Fac Upp Upp Zhi Pro Fac Was Fac Upp Upp War Slots Evolved 12 | . . . 2 . 2 2 . . . . 2 . . . . 2 . . . . 2 . . . . . Power . | . . . . . . . . . . . . . . . . . . . . . . . . . . . Propulsion 4 | . . . 1 . 1 1 . . . . . . . . . . . . . . 1 . . . . . Utility 7 | . . . 1 . 1 1 . . . . 2 . . . . 1 . . . . 1 . . . . . Weapon 1 | . . . . . . . . . . . . . . . . 1 . . . . . . . . . . Parts Attached 155 | 6 9 5 9 . 13 3 . 1 . 4 16 8 6 3 3 11 . 1 6 3 4 9 17 7 4 7 Power 16 | 1 1 1 2 . 1 1 . . . 1 1 3 . . . 2 . . 1 . . . . . 1 . Engine 9 | 1 1 1 1 . 1 . . . . . 1 2 . . . 1 . . . . . . . . . . Core 5 | . . . 1 . . 1 . . . 1 . 1 . . . 1 . . . . . . . . . . Reactor 2 | . . . . . . . . . . . . . . . . . . . 1 . . . . . 1 . Propulsion 43 | 2 2 2 4 . 5 1 . . . 1 3 1 1 . 1 3 . 1 3 1 2 4 3 . . 3 Treads 7 | . . . . . . . . . . . . . . . . 1 . . . . . 4 2 . . . Leg 7 | 2 2 . . . . . . . . . . . 1 . . . . 1 . . . . . . . 1 Wheel . | . . . . . . . . . . . . . . . . . . . . . . . . . . . Hover 2 | . . . . . . . . . . . . . . . . . . . . 1 . . . . . 1 Flight 27 | . . 2 4 . 5 1 . . . 1 3 1 . . 1 2 . . 3 . 2 . 1 . . 1 Utility 60 | 1 1 . 2 . 5 . . 1 . 2 10 2 3 3 1 5 . . 2 2 2 2 8 5 2 1 Device 32 | . . . 1 . 2 . . . . 2 4 1 1 1 1 3 . . 1 . 2 2 5 4 2 . Storage 5 | 1 . . . . 1 . . . . . 1 1 . . . . . . . . . . 1 . . . Processor 9 | . 1 . . . 1 . . 1 . . 3 . . . . 2 . . . 1 . . . . . . Hackware 3 | . . . . . . . . . . . 1 . . 1 . . . . . . . . 1 . . . Protection 11 | . . . 1 . 1 . . . . . 1 . 2 1 . . . . 1 1 . . 1 1 . 1 Artifact . | . . . . . . . . . . . . . . . . . . . . . . . . . . . Weapon 36 | 2 5 2 1 . 2 1 . . . . 2 2 2 . 1 1 . . . . . 3 6 2 1 3 Energy Gun 8 | 1 4 . 1 . . . . . . . . . 1 . . . . . . . . 1 . . . . Energy Cannon 7 | . . . . . . . . . . . . . . . . . . . . . . . 3 1 1 2 Ballistic Gun 4 | 1 1 1 . . . . . . . . . . 1 . . . . . . . . . . . . . Ballistic Cannon 5 | . . . . . . . . . . . . . . . . . . . . . . 2 3 . . . Launcher 3 | . . 1 . . . . . . . . . . . . . . . . . . . . . 1 . 1 Special Weapon . | . . . . . . . . . . . . . . . . . . . . . . . . . . . Impact Weapon 4 | . . . . . 1 . . . . . 2 1 . . . . . . . . . . . . . . Slashing Weapon 2 | . . . . . . 1 . . . . . 1 . . . . . . . . . . . . . . Piercing Weapon 1 | . . . . . . . . . . . . . . . . 1 . . . . . . . . . . Special Melee Weapon 2 | . . . . . 1 . . . . . . . . . 1 . . . . . . . . . . . Unidentified Prototypes 25 | . . . 1 . 2 . . . . . 1 1 5 . . 2 . 1 5 . . 1 . 1 . 5 Parts Lost 50 | . 1 5 1 1 2 . . 1 . 7 . 7 . 1 . 5 4 . . . 1 . 2 1 3 8 Power 8 | . 1 1 . . . . . . . 1 . 2 . . . 1 . . . . . . . . 1 1 Propulsion 13 | . . 2 1 . 1 . . . . 3 . . . . . 2 2 . . . . . . . . 2 Utility 18 | . . . . 1 . . . 1 . 2 . 4 . . . 1 2 . . . . . 1 1 2 3 Weapon 11 | . . 2 . . 1 . . . . 1 . 1 . 1 . 1 . . . . 1 . 1 . . 2 Highest Loss Streak 5 | . 1 5 1 1 1 . . 1 . 3 . 4 . 1 . 3 3 . . . 1 . 1 1 3 5 To Critical Strikes 1 | . . . . . . . . . . . . . . 1 . . . . . . . . . . . . Average Backups 7 | . 4 7 7 8 7 7 8 7 8 7 7 6 7 6 7 6 4 4 6 6 6 5 8 11 12 13 Power . | . . . . . . . . . . . . . 1 1 1 . . . . . . . . 1 . . Propulsion . | . . . . 1 . . . . . . . . . 1 1 1 1 1 1 1 . 1 . 1 1 . Utility 5 | . 1 3 3 4 5 5 5 5 6 5 5 4 3 3 4 3 2 3 4 4 3 3 5 7 9 9 Weapon 1 | . 2 2 2 2 1 1 1 1 1 1 . . 2 1 1 1 . . . . . . . 1 1 1 Tool/Special . | . . . . . . . . . . . . . . . . . . . . . . . . . . . Unused Backups 26 | . . . . . 3 . . . . . 4 2 1 . . 1 . . 2 1 1 . 2 . . 9 Power 3 | . . . . . . . . . . . 1 1 . . . . . . . . . . . . . 1 Propulsion 3 | . . . . . . . . . . . 1 . . . . 1 . . . . . . . . . 1 Utility 16 | . . . . . 3 . . . . . 1 1 1 . . . . . 1 1 1 . 1 . . 6 Weapon 2 | . . . . . . . . . . . 1 . . . . . . . 1 . . . . . . . Tool/Special 2 | . . . . . . . . . . . . . . . . . . . . . . . 1 . . 1 Average Slot Usage (%) 84 | . 90 92 87 79 92 96 92 91 92 84 95 90 93 98 100 88 76 79 72 81 80 85 76 84 83 78 Engine 2 | . 9 11 5 . . . . . . . 5 4 6 6 6 2 5 5 3 . . . . . . . Core 1 | . . . 5 11 9 7 7 7 7 6 . . . . . 2 . . . . . . . . . . Reactor 2 | . . . . . . . . . . . . . . . . . . . 1 5 4 5 4 5 5 4 Treads 6 | . . . . . . . . . . . . . . . . . 3 5 3 . . 6 14 15 15 14 Leg 1 | . 28 24 . . . . . . . . . . . . . . . 3 5 . . . . . . . Flight 13 | . . . 26 33 31 36 38 38 38 36 32 33 33 33 33 23 8 5 11 22 22 12 . . . . Device 15 | . . . 5 2 5 6 7 7 7 5 13 12 21 23 20 20 17 16 16 16 20 22 16 21 19 19 Storage 6 | . 14 14 11 11 9 7 7 7 7 7 6 6 6 6 6 5 5 5 5 5 5 5 5 5 5 5 Processor 10 | . 9 14 11 11 16 15 15 14 15 15 20 13 13 13 13 11 6 5 5 5 10 10 10 10 10 10 Hackware 3 | . . . . . . . . . . . 4 3 . 1 6 5 5 5 5 5 5 5 5 5 5 5 Protection 5 | . . . 3 . 2 7 7 7 7 4 . 3 1 1 . . 3 5 4 5 3 7 8 7 9 5 Energy Gun 2 | . 26 23 18 11 . . . . . . . . . 3 6 1 3 5 1 2 1 2 . . . . Energy Cannon 2 | . . . . . . . . . . . . . . . . . . . . . . . 5 5 5 4 Ballistic Gun 1 | . 1 2 . . 13 8 . . . . . . . 3 . 1 5 5 1 . . . . . . . Ballistic Cannon 2 | . . . . . . . . . . . . . . . . . . . . . . 5 6 9 6 5 Impact Weapon 1 | . . . . . 3 . . . . . 5 7 9 4 . . . . . . . . . . . . Peak Build Rating 154 | 6 11 11 13 12 35 45 46 48 48 48 64 64 78 77 78 105 89 81 89 100 122 126 152 149 145 154 Average Rating 93 | 4 9 10 11 11 21 39 45 47 48 41 58 58 62 72 77 85 77 80 74 86 98 120 136 145 143 140 On Entrance 62 | . 6 11 7 12 11 35 45 46 48 48 30 62 61 68 77 78 82 77 81 89 86 113 126 129 138 134 Naked Turns . | . . . . . . . . . . . . . . . . . . . . . . . . . . . Heaviest Build 112 | 14 16 16 15 12 21 20 20 20 20 20 22 26 35 34 24 28 37 37 37 29 38 48 112 90 79 92 Greatest Support 225 | 20 20 20 12 12 22 20 20 26 20 20 31 31 26 26 31 28 27 27 27 32 41 150 225 225 225 225 Greatest Overweight (x) 3 | 1 . 3 3 . 1 . . . . 1 . 1 1 1 . 1 1 1 1 1 1 . . . . 1 Average Overweight (x) . | . . . . . . . . . . . . . . . . . 1 1 . . . . . . . . Largest Inventory Capacity 15 | 8 8 8 8 8 8 8 8 8 8 8 8 8 8 8 8 8 8 8 8 8 8 8 15 15 15 15 Average Capacity 10 | 7 8 8 8 8 8 8 8 8 8 8 8 8 8 8 8 8 8 8 8 8 8 8 12 15 15 15 Most Carried 15 | . 8 8 8 8 8 8 8 8 8 8 8 8 8 8 8 8 8 7 8 8 8 8 15 15 15 15 Average Carried 8 | . 4 7 7 8 7 7 7 7 8 7 7 6 7 7 8 7 5 5 7 7 7 7 10 13 13 14 Final Capacity 15 | 8 8 8 8 8 8 8 8 8 8 8 8 8 8 8 8 8 8 8 8 8 8 8 15 15 15 15 Final Carried 15 | . 8 7 8 8 8 8 8 8 8 8 7 7 8 8 8 8 4 7 8 8 8 8 14 15 14 11 Class Distribution -------------------- 18% | Tank 15% | Skirmisher 14% | Mutant 12% | Scavenger-Mutant 7% | Sprinter 6% | Scout 5% | Commander-Scout 3% | Scavenger-Skirmisher 3% | Ninja 3% | Assassin Dominant Class ---------------- Mutant | -10/Materials Mutant | -10/Mines Mutant | -9/Materials Mutant | -9/Mines Mutant | -8/Materials Sprinter | -7/Factory Sprinter | -7/Lower Caves Sprinter | -7/Lower Caves Sprinter | -7/Data Miner Sprinter | -6/Proximity Caves Scout | -6/Factory Commander-Scout | -6/Extension Commander-Gladiator | -6/Cetus Scavenger-Skirmisher | -6/Archives Scavenger-Scout | -6/Hub_04(d) Ninja | -5/Factory Scavenger-Mutant | -5/Upper Caves Scavenger-Mutant | -5/Upper Caves Scavenger-Mutant | -5/Zhirov Mutant | -4/Proximity Caves Ninja | -4/Factory Derelict-Skirmisher | -4/Waste Tank | -4/Factory Skirmisher | -4/Upper Caves Skirmisher | -4/Upper Caves Tank | -4/Warlord Resources | -11 -10 -10 -9 -9 -8 -7 -7 -7 -7 -6 -6 -6 -6 -6 -6 -5 -5 -5 -5 -4 -4 -4 -4 -4 -4 -4 ----------- Run | Yrd Mat Min Mat Min Mat Fac Low Low Dat Pro Fac Ext Cet Arc Hub Fac Upp Upp Zhi Pro Fac Was Fac Upp Upp War Matter Collected 4752 | 210 79 100 74 . 386 28 102 10 . 35 . 315 104 90 27 381 107 102 47 95 . 229 1327 737 167 . Remotely . | . . . . . . . . . . . . . . . . . . . . . . . . . . . Salvage Created 6441 | . 189 82 183 . 245 28 363 . . 91 . 789 50 33 . 481 108 205 305 52 . 168 2067 591 132 279 Parts 243 | . 12 15 19 . 10 2 20 . . 6 . 12 2 3 . 14 3 2 . 4 . 1 95 13 3 7 Haulers Intercepted 1 | . . . . . 1 . . . . . . . . . . . . . . . . . . . . . Recyclers Shooed 1 | . . 1 . . . . . . . . . . . . . . . . . . . . . . . . Parts Field Recycled . | . . . . . . . . . . . . . . . . . . . . . . . . . . . Retrieved Matter . | . . . . . . . . . . . . . . . . . . . . . . . . . . . Parts Self-Destructed 43 | . . . . . . . 18 3 . 4 . . . . . . 3 . . 3 . . . 9 3 . Prevented 10 | . . . . . . . . . . . . . . . . . . . . . . . . 10 . . Kills | -11 -10 -10 -9 -9 -8 -7 -7 -7 -7 -6 -6 -6 -6 -6 -6 -5 -5 -5 -5 -4 -4 -4 -4 -4 -4 -4 ------- Run | Yrd Mat Min Mat Min Mat Fac Low Low Dat Pro Fac Ext Cet Arc Hub Fac Upp Upp Zhi Pro Fac Was Fac Upp Upp War Combat Hostiles Destroyed 123 | . 6 6 9 . 3 . 6 . . 5 . 12 . . . 7 1 . . 1 . . 41 8 7 11 Melee 18 | . . . . . 2 . 6 . . 5 . 5 . . . . . . . . . . . . . . Guns 31 | . 6 6 9 . 1 . . . . . . . . . . 7 1 . . 1 . . . . . . Cannons 49 | . . . . . . . . . . . . . . . . . . . . . . . 36 4 2 7 AOE 10 | . . . . . . . . . . . . . . . . . . . . . . . 1 . 5 4 Classes Destroyed 17 | . 2 2 1 . 3 . . . . 1 . 3 . . . . . . . 1 . . 1 1 . 2 Worker 4 | . . . . . 1 . . . . . . . . . . 1 . . . . . . 2 . . . Builder 2 | . . . . . . . . . . . . . . . . . . . . . . . 2 . . . Tunneler 1 | . . 1 . . . . . . . . . . . . . . . . . . . . . . . . Hauler 1 | . . . . . 1 . . . . . . . . . . . . . . . . . . . . . Recycler 2 | . . . . . . . . . . . . 1 . . . . . . . . . . 1 . . . Operator 2 | . . . . . . . . . . . . 1 . 1 . . . . . . . . . . . . Drone 2 | . . . . . . . . . . 2 . . . . . . . . . . . . . . . . Watcher 4 | . 1 . . . 1 1 . . . . . 1 . . . . . . . . . . . . . . Swarmer 34 | . . 6 7 . . . 3 . . 3 . . . . . . . . . . . . 8 2 4 1 Grunt 47 | . 6 . 1 . 2 . 3 . . . . 8 . . . 6 . . . . . . 12 3 3 3 Brawler 2 | . . . . . . . . . . . . . . . . . . . . . . . . 1 . 1 Duelist 3 | . . . . . . . . . . . . 2 . . . . . . . . . . 1 . . . Sentry 10 | . . . 1 . . . . . . . . 1 . . . 1 . . . . . . 5 2 . . Specialist 1 | . . . . . . . . . . . . . . . . . . . . . . . . . . 1 Hunter 4 | . . . . . 1 . . . . . . 1 . . . . 1 . . . . . . . . 1 Programmer 18 | . . . . . . . . . . . . . . . . . . . . 1 . . 15 . . 2 Executioner 2 | . . . . . . . . . . . . . . . . . . . . . . . . . . 2 Guerrilla 1 | . . . . . . . . . . . . . 1 . . . . . . . . . . . . . Best Kill Streak 8 | . 4 6 5 . 2 1 3 . . 3 . 3 . 1 . 6 1 . . 1 . . 7 3 4 8 Combat Bots Only 8 | . 4 6 5 . 2 . 3 . . 3 . 3 . . . 6 1 . . 1 . . 7 3 4 8 Max Kills in Single Turn 3 | . 1 1 2 . 1 1 1 . . 1 . 1 1 1 . 2 1 . . 1 . . 2 1 3 2 Gunslinging 1 | . . . 1 . . . . . . . . . . . . 1 . . . . . . . . . . Exploded 3 | . . . . . . . . . . . . . . . . . . . . . . . 1 . 3 2 Melee 1 | . . . . . 1 . 1 . . 1 . 1 . . . . . . . . . . . . . . Uniques/NPCs Destroyed . | . . . . . . . . . . . . . . . . . . . . . . . . . . . Combat | -11 -10 -10 -9 -9 -8 -7 -7 -7 -7 -6 -6 -6 -6 -6 -6 -5 -5 -5 -5 -4 -4 -4 -4 -4 -4 -4 -------- Run | Yrd Mat Min Mat Min Mat Fac Low Low Dat Pro Fac Ext Cet Arc Hub Fac Upp Upp Zhi Pro Fac Was Fac Upp Upp War Hostile Shots Fired 989 | . 33 40 30 20 19 . 10 8 . 77 11 124 2 15 22 71 21 . . 33 2 . 230 84 20 117 Missed 325 | . 8 10 12 11 4 . 6 4 . 39 6 59 . 6 18 18 4 . . 12 . . 50 20 5 33 Hits 664 | . 25 30 18 9 15 . 4 4 . 38 5 65 2 9 4 53 17 . . 21 2 . 180 64 15 84 Melee 4 | . . . . . . . . . . . . 1 . . . . . . . . . . 1 2 . . Projectile 660 | . 25 30 18 9 15 . 4 4 . 38 5 64 2 9 4 53 17 . . 21 2 . 179 62 15 84 AOE 15 | . . 15 . . . . . . . . . . . . . . . . . . . . . . . . Critical Strikes 27 | . 2 . . 1 . . . . . 1 . 2 . 1 . . . . . . . . 14 2 1 3 Actively Blocked 9 | . . . . . . . . . . . . . . . . . . . . . . . 7 . . 2 Damage Taken 12299 | . 343 761 187 76 268 . 67 63 . 563 31 958 47 242 64 910 697 . . 356 44 . 3124 1050 281 2167 Core 1676 | . 28 216 17 17 58 . 15 14 . 105 10 277 25 25 38 127 117 . . 114 . . 170 128 . 175 Absorbed by Shields 100 | . . . . . . . . . . . . 55 45 . . . . . . . . . . . . . Reduced by Siege Mode 285 | . . . . . . . . . . . . . . . . . . . . . . . 161 39 14 71 Redirected to Shielding 322 | . . . . . . . . . . . . 103 . . . . . . . . . . 77 124 18 . Ignored by Resistances 1559 | . . . . . . . . . . . . . . . . 211 . . . . . . 909 295 36 108 Regen/Repaired (Parts) 2513 | . . . . . . . . . . . . . . . . 213 . . . . 391 . 1104 . . 805 Core Remaining (%) 68 | 100 . 2 . 91 89 . . . . 80 . . . . 55 . . . . 64 . . . . . . Volleys Fired 325 | . 15 12 13 . 17 5 . . . . . . 1 6 8 32 7 1 . 5 1 3 132 37 14 16 Largest 3 | . 2 2 2 . 2 2 . . . . . . 1 2 1 2 2 1 . 1 1 3 3 3 3 3 Hottest 275 | . 130 130 95 . 46 46 . . . . . . 240 115 240 275 115 35 . 240 80 161 201 201 212 258 Shots Fired 575 | . 30 24 26 . 35 10 . . . . . . 2 9 8 59 14 5 . 5 1 9 228 68 19 23 Gun 231 | . 30 24 26 . 35 10 . . . . . . 2 9 8 59 14 5 . 5 1 3 . . . . Cannon 336 | . . . . . . . . . . . . . . . . . . . . . . 6 228 68 14 20 Launcher 8 | . . . . . . . . . . . . . . . . . . . . . . . . . 5 3 Special . | . . . . . . . . . . . . . . . . . . . . . . . . . . . Kinetic 280 | . . 1 . . 35 10 . . . . . . 1 6 . 27 7 2 . . . 6 132 39 8 6 Thermal 149 | . 30 23 26 . . . . . . . . . 1 3 8 32 7 3 . 5 1 3 . 1 6 . Explosive 5 | . . . . . . . . . . . . . . . . . . . . . . . . . 5 . Electromagnetic 124 | . . . . . . . . . . . . . . . . . . . . . . . 96 28 . . Entropic 17 | . . . . . . . . . . . . . . . . . . . . . . . . . . 17 Robot Hit Streak 17 | . 6 8 14 . 6 1 . . . . . . 2 4 . 11 4 . . 3 . 5 17 14 8 6 Robot Miss Streak 11 | . 3 11 2 . 2 4 . . . . . . . 2 . 2 1 2 . 4 . 1 4 2 2 2 Penetration Max 1 | . . . . . . . . . . . . . . . . 1 . . . . . . . . . 1 Secondary Targets 3 | . 1 . 1 . . . . . . . . . . . . 1 . . . . . . . . . . Max Gunslinging Chain 1 | . 1 . 1 . . . . . . . . . . . . 1 . . . . . . . . . . Shots Hit Robots 459 | . 25 19 18 . 24 6 10 . . 7 2 35 1 7 2 54 12 3 6 3 . 6 152 48 9 10 Core Hits 232 | . 43 24 15 . 6 2 7 . . 3 . 2 1 3 . 16 3 2 4 2 . 1 65 10 9 14 Critical Kills 3 | . . . . . . . . . . . . . 1 1 . 1 . . . . . . . . . . Critical Parts Destroyed 13 | . . . . . . . . . . . . 9 . . . 4 . . . . . . . . . . Critical Strikes 39 | . . . . . . . 1 . . 2 . 10 1 1 . 5 . 1 1 . . 1 9 2 . 5 Destroy 8 | . . . . . . . . . . . . . 1 1 . 5 . . . . . 1 . . . . Blast 8 | . . . . . . . . . . . . . . . . . . . . . . . 7 1 . . Corrupt 3 | . . . . . . . . . . . . . . . . . . . . . . . 2 1 . . Smash 9 | . . . . . . . . . . . . 9 . . . . . . . . . . . . . . Sever 4 | . . . . . . . 1 . . 2 . 1 . . . . . . . . . . . . . . Impale 2 | . . . . . . . . . . . . . . . . . . 1 1 . . . . . . . Sunder 5 | . . . . . . . . . . . . . . . . . . . . . . . . . . 5 Melee Attacks 173 | . . . . . 9 4 15 . . 12 14 51 5 2 2 21 10 6 6 8 8 . . . . . Impact 68 | . . . . . 8 . . . . . 12 41 5 2 . . . . . . . . . . . . Slashing 36 | . . . . . . 1 15 . . 12 . 8 . . . . . . . . . . . . . . Piercing 48 | . . . . . . . . . . . . . . . . 10 10 6 6 8 8 . . . . . Sneak Attacks 23 | . . . . . 2 3 . . . . 2 5 . . 2 9 . . . . . . . . . . Combat Hostiles 2 | . . . . . . . . . . . . 2 . . . . . . . . . . . . . . Follow-up Attacks 2 | . . . . . . . . . . . . 2 . . . . . . . . . . . . . . Damage Inflicted 19508 | . 366 201 181 . 520 67 701 . . 451 . 1895 51 192 . 1371 304 206 432 115 . 199 6765 1850 1121 2520 Guns 2984 | . 358 198 181 . 275 67 . . . . . . 51 165 . 1295 209 . . 115 . 70 . . . . Cannons 9137 | . . . . . . . . . . . . . . . . . . . . . . 129 5988 1850 325 845 Explosions 3111 | . . . . . . . . . . . . . . . . . . . . . . . 640 . 796 1675 Melee 4122 | . . . . . 245 . 701 . . 445 . 1895 . 27 . 76 95 206 432 . . . . . . . Ramming 154 | . 8 3 . . . . . . . 6 . . . . . . . . . . . . 137 . . . Kinetic 7118 | . . 16 . . 275 67 . . . . . . 51 103 . 724 116 . . . . 129 4250 1058 186 143 Thermal 2039 | . 358 182 181 . . . . . . . . . . 62 . 571 93 . . 115 . 70 268 . 139 . Explosive 1138 | . . . . . . . . . . . . . . . . . . . . . . . 342 . 796 . Electromagnetic 2560 | . . . . . . . . . . . . . . . . . . . . . . . 1768 792 . . Impact 2004 | . . . . . 245 . . . . . . 1732 . 27 . . . . . . . . . . . . Slashing 1309 | . . . . . . . 701 . . 445 . 163 . . . . . . . . . . . . . . Piercing 809 | . . . . . . . . . . . . . . . . 76 95 206 432 . . . . . . . Entropic 2377 | . . . . . . . . . . . . . . . . . . . . . . . . . . 2377 Highest Corruption 12 | . . . . . 2 . . . . . . . 1 1 . 5 12 10 10 11 1 1 4 4 . 7 Average Corruption 5 | . . . . . 2 . . . . . . . 1 1 . 4 10 10 10 10 1 1 1 3 . 4 Corruption Purged 13 | . . . . . . . . . . . . . . 1 . 5 2 . . . . 1 . 4 . . Corruption Blocked . | . . . . . . . . . . . . . . . . . . . . . . . . . . . Effects 109 | . . . . . 7 . . . . . . . 1 1 . 12 19 39 8 7 . 1 2 9 . 3 Message Errors 23 | . . . . . 2 . . . . . . . . . . 3 3 10 2 1 . . 1 . . 1 Matter Fused 30 | . . . . . . . . . . . . . . 1 . 5 9 8 1 1 . . 1 4 . . Heat Flow Errors 14 | . . . . . 1 . . . . . . . . . . . 3 3 2 1 . 1 . 3 . . Energy Discharges 16 | . . . . . 3 . . . . . . . . . . 2 . 6 2 2 . . . 1 . . Parts Fused 2 | . . . . . . . . . . . . . . . . . . 2 . . . . . . . . Data Loss (minor) 13 | . . . . . . . . . . . . . . . . 1 4 4 1 2 . . . . . 1 Data Loss (major) 3 | . . . . . . . . . . . . . . . . . . 1 . . . . . 1 . 1 Misfires 6 | . . . . . 1 . . . . . . . 1 . . . . 4 . . . . . . . . Alerts 2 | . . . . . . . . . . . . . . . . 1 . 1 . . . . . . . . Overload Shots 13 | . . . . . . . . . . . . . 1 . 8 2 . . . 2 . . . . . . Effects 1 | . . . . . . . . . . . . . . . 1 . . . . . . . . . . . Heat Surge 1 | . . . . . . . . . . . . . . . 1 . . . . . . . . . . . Overflow Damage 1982 | . . . . . 65 . 49 . . 87 . 890 . . . . 43 103 122 . . . 486 36 63 38 Projectiles 325 | . . . . . . . . . . . . . . . . . . . . . . . 257 36 32 . Explosions 281 | . . . . . . . . . . . . . . . . . . . . . . . 212 . 31 38 Melee 1376 | . . . . . 65 . 49 . . 87 . 890 . . . . 43 103 122 . . . 17 . . . Knockbacks 49 | . . . . . 1 . . . . . . 8 . . . . . . . . . . 32 6 . 2 Impact 9 | . . . . . 1 . . . . . . 8 . . . . . . . . . . . . . . Kinetic 37 | . . . . . . . . . . . . . . . . . . . . . . . 30 5 . 2 Secondary 3 | . . . . . . . . . . . . . . . . . . . . . . . 2 1 . . Self-Inflicted Damage 439 | . . . . . . . . . . 3 . . . . . . . . . . . . 232 . 57 147 Shots 6 | . . . . . . . . . . . . . . . . . . . . . . . 4 . 1 1 Rammed 11 | . . . . . . . . . . 1 . . . . . . . . . . . . 10 . . . Targets Rammed 15 | . 1 2 . . . . . . . 1 . . . . . . . . . . . . 11 . . . Kicked 3 | . 1 2 . . . . . . . . . . . . . . . . . . . . . . . . Crushed 1 | . . . . . . . . . . . . . . . . . . . . . . . 1 . . . Highest Temperature 381 | . 330 302 298 . 263 12 . 59 . 24 79 66 186 79 381 249 208 172 225 284 40 265 375 203 75 176 Average Temperature 96 | . 129 158 85 . 47 6 . 31 . 9 54 22 103 48 197 90 95 87 108 104 18 74 95 70 55 95 Received Heat Transfer 2239 | . 225 . 54 9 90 . 27 36 . 132 6 369 4 45 27 252 . . . . . . 529 286 58 90 Effects 12 | . . 3 . . . . . . . . . . . . 4 2 . . . 2 . . 1 . . . Energy Bleed 2 | . . . . . . . . . . . . . . . . 2 . . . . . . . . . . Interference 10 | . . 3 . . . . . . . . . . . . 4 . . . . 2 . . 1 . . . Siege Activations 22 | . . . . . . . . . . . . . . . . . . . . . . 1 17 2 1 1 Total Turns 224 | . . . . . . . . . . . . . . . . . . . . . . 4 199 7 9 5 Longest Duration 30 | . . . . . . . . . . . . . . . . . . . . . . 4 30 5 9 5 Martial Activations . | . . . . . . . . . . . . . . . . . . . . . . . . . . . Shielding Activations . | . . . . . . . . . . . . . . . . . . . . . . . . . . . Robots Disrupted 2 | . . . . . . . . . . . . . . . . . . . . . . . 2 . . . Combat Hostiles 2 | . . . . . . . . . . . . . . . . . . . . . . . 2 . . . Robots Corrupted 17 | . . . . . . . . . . . . 8 . . . . . . . . . . 4 5 . . Combat Hostiles 16 | . . . . . . . . . . . . 7 . . . . . . . . . . 4 5 . . Parts Fried 34 | . . . . . 3 . . . . . . 19 . . . . . . . . . . 8 4 . . Impact Corruptions 31 | . . . . . 3 . . . . . . 26 . . . . . . . . . . 1 1 . . Robots Melted . | . . . . . . . . . . . . . . . . . . . . . . . . . . . Combat Hostiles . | . . . . . . . . . . . . . . . . . . . . . . . . . . . Parts Melted 2 | . . . 1 . . . . . . . . . . . . . . . . 1 . . . . . . Heat Transferred 2709 | . 460 225 566 . . . . . . . . . . 74 . 753 111 . . 111 . 111 150 . 148 . Parts Sabotaged . | . . . . . . . . . . . . . . . . . . . . . . . . . . . Parts Stolen . | . . . . . . . . . . . . . . . . . . . . . . . . . . . Parts Stripped . | . . . . . . . . . . . . . . . . . . . . . . . . . . . Power Chain Reactions 4 | . . . . . . . . . . . . . . . . 4 . . . . . . . . . . Alert | -11 -10 -10 -9 -9 -8 -7 -7 -7 -7 -6 -6 -6 -6 -6 -6 -5 -5 -5 -5 -4 -4 -4 -4 -4 -4 -4 ------- Run | Yrd Mat Min Mat Min Mat Fac Low Low Dat Pro Fac Ext Cet Arc Hub Fac Upp Upp Zhi Pro Fac Was Fac Upp Upp War Maximum Alert Level 3 | . . . . . . . . . . . 2 2 2 1 2 1 . . . . . . 3 . . . Low Security (%) 62 | 100 100 100 100 100 100 100 . . . . 12 67 . 97 64 73 . . . . 100 100 49 . . . Level 1 28 | . . . . . . . . . . . 45 27 87 2 31 26 . . . . . . 38 . . . Level 2 8 | . . . . . . . . . . . 41 4 12 . 3 . . . . . . . 10 . . . Level 3 . | . . . . . . . . . . . . . . . . . . . . . . . 1 . . . Level 4 . | . . . . . . . . . . . . . . . . . . . . . . . . . . . Level 5 . | . . . . . . . . . . . . . . . . . . . . . . . . . . . High Security . | . . . . . . . . . . . . . . . . . . . . . . . . . . . Max Security . | . . . . . . . . . . . . . . . . . . . . . . . . . . . Peak Influence 800 | . 78 155 155 190 68 47 . . . . 644 516 429 203 437 255 . . . . 46 4 800 . . . Initial 644 | . . . 11 60 62 19 . . . . 644 94 286 119 56 203 . . . . 40 4 . . . . Average 172 | . 28 96 81 144 20 34 . . . . 415 160 347 161 167 142 . . . . 24 . 204 . . . Influence Increases 7860 | . 172 190 245 150 224 98 205 240 . 275 761 1189 363 224 561 480 35 5 10 125 103 2 1648 175 160 220 Destroy 0b10 Robot/C 3240 | . 120 120 180 . 100 . 120 . . 60 . 680 160 80 100 140 20 . . 20 . . 820 160 140 220 Destroy 0b10 Robot/NC 145 | . 5 5 . . 15 5 5 . . 10 . 15 5 10 15 5 5 5 10 . . . 25 5 . . Destroy Leader 490 | . 32 20 30 . 44 2 20 . . 10 . 62 . . 20 30 10 . . . . . 180 10 20 . Allied During Kill 622 | . . . . . 8 . . . . . . 323 163 84 44 . . . . . . . . . . . Successful Hack 504 | . 15 . 5 . 40 46 . . . . 45 . . . 35 52 . . . . 72 . 194 . . . Select Force Hacks 250 | . . . . . . . . . . . . . . . 200 50 . . . . . . . . . . Disable Machine 255 | . . . . . 15 15 . . . . 15 . 15 45 . . . . . . 15 . 135 . . . Destroy Structure 299 | . . . . . 2 . . . . . 11 19 20 5 12 38 . . . . 16 2 174 . . . Advance Influence 600 | . . . . . . . . . . . 600 . . . . . . . . . . . . . . . Partial Spotted 195 | . . . . . . 30 . . . . 45 15 . . 15 90 . . . . . . . . . . Lose Combat Pursuer 1260 | . . 45 30 150 . . 60 240 . 195 45 75 . . 120 75 . . . 105 . . 120 . . . Influence Decreases 7756 | . 172 160 120 145 340 105 132 111 239 205 638 870 576 360 307 784 143 10 10 60 154 16 834 728 381 156 Entered New Map 1836 | . . . 19 95 98 25 15 21 239 . 26 99 226 180 107 214 42 2 . . 25 10 . 302 51 40 Time Decay 4212 | . 162 110 100 40 212 80 97 80 . 150 302 482 270 70 120 350 100 8 10 60 119 6 512 416 320 36 Lost Part 397 | . 10 50 1 10 10 . . 10 . 55 . 60 . 10 . 50 1 . . . 10 . 20 10 10 80 Lost Ally 561 | . . . . . 20 . 20 . . . 10 229 80 100 80 20 . . . . . . 2 . . . Purge Threat 750 | . . . . . . . . . . . 300 . . . . 150 . . . . . . 300 . . . Squads Dispatched 34 | . . . . . 1 . . . . . 4 5 . . 10 4 . . . . 1 . 9 . . . Investigation 13 | . . . . . 1 . . . . . . 2 . . 7 2 . . . . . . 1 . . . Extermination 14 | . . . . . . . . . . . 3 . . . . 2 . . . . 1 . 8 . . . Reinforcement 7 | . . . . . . . . . . . 1 3 . . 3 . . . . . . . . . . . Assault . | . . . . . . . . . . . . . . . . . . . . . . . . . . . Garrison . | . . . . . . . . . . . . . . . . . . . . . . . . . . . Intercept . | . . . . . . . . . . . . . . . . . . . . . . . . . . . Searches Triggered . | . . . . . . . . . . . . . . . . . . . . . . . . . . . Data Miner Redirects 1 | . . . . . . . . . . . . 1 . . . . . . . . . . . . . . Construction Impeded 1 | . . . . . . . . . . . . 1 . . . . . . . . . . . . . . Haulers Reinforced . | . . . . . . . . . . . . . . . . . . . . . . . . . . . Active Scanning Responses . | . . . . . . . . . . . . . . . . . . . . . . . . . . . Cargo Convoy Interrupts . | . . . . . . . . . . . . . . . . . . . . . . . . . . . Stealth | -11 -10 -10 -9 -9 -8 -7 -7 -7 -7 -6 -6 -6 -6 -6 -6 -5 -5 -5 -5 -4 -4 -4 -4 -4 -4 -4 --------- Run | Yrd Mat Min Mat Min Mat Fac Low Low Dat Pro Fac Ext Cet Arc Hub Fac Upp Upp Zhi Pro Fac Was Fac Upp Upp War Distress Signals 14 | . . . . . . . . . . 1 1 4 2 . . . . . . . . . 3 . . 3 Communications Jammed 21 | . . . . . . . . . . . . . . . . 3 . . . . . . 18 . . . Distress Signals 18 | . . . . . . . . . . . . . . . . . . . . . . . 18 . . . Times Spotted 312 | . 9 13 15 10 9 2 11 13 . 25 8 40 11 6 19 19 1 . . 9 3 . 63 8 4 14 Peak Tracking Total 11 | . 4 5 4 10 3 2 4 11 . 9 5 8 5 3 6 5 1 . . 6 1 . 5 4 2 8 Tactical Retreats 39 | . . 2 2 1 . . 2 4 . 4 3 3 . . 3 4 . . . 4 . . 7 . . . Traps | -11 -10 -10 -9 -9 -8 -7 -7 -7 -7 -6 -6 -6 -6 -6 -6 -5 -5 -5 -5 -4 -4 -4 -4 -4 -4 -4 ------- Run | Yrd Mat Min Mat Min Mat Fac Low Low Dat Pro Fac Ext Cet Arc Hub Fac Upp Upp Zhi Pro Fac Was Fac Upp Upp War Traps Triggered 13 | . . . . . 2 . . . . . . 5 . . . 3 . . . . 1 . 2 . . . Indirectly . | . . . . . . . . . . . . . . . . . . . . . . . . . . . Trap Hack Attempts . | . . . . . . . . . . . . . . . . . . . . . . . . . . . Triggered . | . . . . . . . . . . . . . . . . . . . . . . . . . . . Disarmed . | . . . . . . . . . . . . . . . . . . . . . . . . . . . Reprogrammed . | . . . . . . . . . . . . . . . . . . . . . . . . . . . Reused . | . . . . . . . . . . . . . . . . . . . . . . . . . . . Traps Extracted . | . . . . . . . . . . . . . . . . . . . . . . . . . . . Installed 4 | . . . . 4 . . . . . . . . . . . . . . . . . . . . . . Triggered . | . . . . . . . . . . . . . . . . . . . . . . . . . . . Most Traps Carried 1 | . . . . . . . . . . . . . . . . . . . . . . . . 1 1 1 Machines | -11 -10 -10 -9 -9 -8 -7 -7 -7 -7 -6 -6 -6 -6 -6 -6 -5 -5 -5 -5 -4 -4 -4 -4 -4 -4 -4 ---------- Run | Yrd Mat Min Mat Min Mat Fac Low Low Dat Pro Fac Ext Cet Arc Hub Fac Upp Upp Zhi Pro Fac Was Fac Upp Upp War Machines Disabled 20 | . . . . . 1 1 . . . . 1 1 1 3 . . . . . . 1 . 9 . . 2 Max in Single Turn 3 | . . . . . 1 1 . . . . 1 1 1 1 . . . . . . 1 . 3 . . 1 Garrison Access 3 | . . . . . . . . . . . 1 . . . . 1 . . . . . . 1 . . . Network Hub 4 | . . . . . . . . . . . . . . . 4 . . . . . . . . . . . Machines Repaired . | . . . . . . . . . . . . . . . . . . . . . . . . . . . Machines Dismantled . | . . . . . . . . . . . . . . . . . . . . . . . . . . . Machines Sabotaged 4 | . . . . . . . . . . . . . . . 4 . . . . . . . . . . . Overloaded Fab Kills 1 | . . . . . . . . . . . . . . . . 1 . . . . . . . . . . Hacking | -11 -10 -10 -9 -9 -8 -7 -7 -7 -7 -6 -6 -6 -6 -6 -6 -5 -5 -5 -5 -4 -4 -4 -4 -4 -4 -4 --------- Run | Yrd Mat Min Mat Min Mat Fac Low Low Dat Pro Fac Ext Cet Arc Hub Fac Upp Upp Zhi Pro Fac Was Fac Upp Upp War Machines Accessed 91 | . 5 . 3 . 6 4 . . 3 . 14 5 1 . 9 10 . . 4 . 5 . 19 1 . 2 Terminals 54 | . 5 . 2 . 6 4 . . . . 10 5 1 . 8 3 . . . . 1 . 8 1 . . Fabricators 3 | . . . . . . . . . . . 1 . . . . 1 . . . . . . 1 . . . Repair Stations 6 | . . . 1 . . . . . . . . . . . . 1 . . . . 1 . 3 . . . Recycling Units 7 | . . . . . . . . . . . . . . . . 3 . . . . 1 . 3 . . . Scanalyzers 7 | . . . . . . . . . . . 2 . . . . 1 . . . . 2 . 2 . . . Garrison Access 5 | . . . . . . . . . . . 1 . . . 1 1 . . . . . . 2 . . . Total Hacks 454 | . 19 . 11 . 17 8 . . 25 . 68 9 3 . 39 46 . . 17 . 48 . 133 5 . 6 Successful 229 | . 8 . 2 . 12 3 . . 25 . 35 . . . 16 19 . . 17 . 25 . 56 5 . 6 Failed 225 | . 11 . 9 . 5 5 . . . . 33 9 3 . 23 27 . . . . 23 . 77 . . . Catastrophic 50 | . 1 . . . 1 . . . . . 7 2 2 . 7 4 . . . . 3 . 23 . . . Database Lockouts . | . . . . . . . . . . . . . . . . . . . . . . . . . . . Manual 187 | . 15 . 8 . 12 1 . . . . 23 3 1 . 28 16 . . . . 13 . 66 . . 1 Terminals 249 | . 19 . 8 . 17 8 . . . . 47 9 3 . 37 16 . . . . 5 . 75 5 . . Fabricators 7 | . . . . . . . . . . . 1 . . . . 1 . . . . . . 5 . . . Repair Stations 48 | . . . 3 . . . . . . . . . . . . 9 . . . . 12 . 24 . . . Recycling Units 38 | . . . . . . . . . . . . . . . . 8 . . . . 12 . 18 . . . Scanalyzers 54 | . . . . . . . . . . . 19 . . . . 9 . . . . 19 . 7 . . . Garrison Access 10 | . . . . . . . . . . . 1 . . . 2 3 . . . . . . 4 . . . Terminal Hacks 102 | . 3 . . . 8 3 . . 25 . 13 . . . 7 1 . . 17 . . . 14 5 . 6 Record 17 | . 1 . . . . . . . 6 . . . . . . . . . 5 . . . . 5 . . Part Schematic 17 | . . . . . . . . . 11 . . . . . . . . . 4 . . . 2 . . . Robot Schematic 5 | . . . . . . . . . 5 . . . . . . . . . . . . . . . . . Robot Analysis 7 | . 1 . . . 1 1 . . . . . . . . . . . . 4 . . . . . . . Prototype ID Bank 16 | . . . . . 1 . . . 3 . 2 . . . . . . . 4 . . . 1 . . 5 Open Door 1 | . . . . . . . . . . . . . . . . . . . . . . . . . . 1 Level Access Points 1 | . . . . . 1 . . . . . . . . . . . . . . . . . . . . . Branch Access Points 3 | . . . . . 1 . . . . . 1 . . . . . . . . . . . 1 . . . Emergency Access Points 2 | . . . . . . . . . . . 1 . . . 1 . . . . . . . . . . . Terminal Index 4 | . . . . . 1 1 . . . . . . . . 1 . . . . . . . 1 . . . Repair Station Index 1 | . . . . . . . . . . . . . . . . . . . . . . . 1 . . . Scanalyzer Index 1 | . . . . . . . . . . . 1 . . . . . . . . . . . . . . . Alert Level 3 | . . . . . . . . . . . 1 . . . 1 . . . . . . . 1 . . . Unreport Threat 5 | . . . . . . . . . . . 2 . . . . 1 . . . . . . 2 . . . Locate Traps 3 | . . . . . . . . . . . 1 . . . 1 . . . . . . . 1 . . . Dispatch Records 1 | . . . . . . . . . . . 1 . . . . . . . . . . . . . . . Maintenance Status 2 | . . . . . . . . . . . 1 . . . 1 . . . . . . . . . . . Patrol Status 1 | . . . . . . . . . . . . . . . 1 . . . . . . . . . . . Reinforcement Status 1 | . . . . . 1 . . . . . . . . . . . . . . . . . . . . . Recall Investigation 1 | . . . . . . . . . . . . . . . . . . . . . . . 1 . . . Recall Extermination 2 | . . . . . . . . . . . . . . . 1 . . . . . . . 1 . . . Hauler Manifests 4 | . 1 . . . 1 . . . . . 1 . . . . . . . . . . . 1 . . . Registered Components 4 | . . . . . 1 1 . . . . 1 . . . . . . . . . . . 1 . . . Fabricator Hacks 3 | . . . . . . . . . . . . . . . . . . . . . . . 3 . . . Load Schematic 1 | . . . . . . . . . . . . . . . . . . . . . . . 1 . . . Build 2 | . . . . . . . . . . . . . . . . . . . . . . . 2 . . . Repair Station Hacks 27 | . . . 1 . . . . . . . . . . . . 5 . . . . 6 . 15 . . . Scan Component 15 | . . . . . . . . . . . . . . . . 3 . . . . 3 . 9 . . . Repair 11 | . . . . . . . . . . . . . . . . 2 . . . . 3 . 6 . . . Refit 1 | . . . 1 . . . . . . . . . . . . . . . . . . . . . . . Recycling Unit Hacks 10 | . . . . . . . . . . . . . . . . 3 . . . . 2 . 5 . . . Report Inventory 6 | . . . . . . . . . . . . . . . . 2 . . . . 1 . 3 . . . Retrieve Components 4 | . . . . . . . . . . . . . . . . 1 . . . . 1 . 2 . . . Scanalyzer 33 | . . . . . . . . . . . 15 . . . . 3 . . . . 12 . 3 . . . Insert Component 19 | . . . . . . . . . . . 9 . . . . 2 . . . . 6 . 2 . . . Analyze 14 | . . . . . . . . . . . 6 . . . . 1 . . . . 6 . 1 . . . Garrison Access Hacks 3 | . . . . . . . . . . . 1 . . . . 1 . . . . . . 1 . . . Seal Access 3 | . . . . . . . . . . . 1 . . . . 1 . . . . . . 1 . . . Unauthorized Hacks 51 | . 5 . 1 . 4 . . . . . 6 . . . 9 6 . . . . 5 . 15 . . . Terminals 39 | . 5 . 1 . 4 . . . . . 6 . . . 9 4 . . . . 2 . 8 . . . Assimilate 5 | . . . . . . . . . . . 1 . . . 1 1 . . . . 1 . 1 . . . Botnet 24 | . 4 . 1 . 3 . . . . . 5 . . . 2 2 . . . . 1 . 6 . . . Operators 5 | . 1 . . . 1 . . . . . . . . . 1 1 . . . . . . 1 . . . Sabotage 5 | . . . . . . . . . . . . . . . 5 . . . . . . . . . . . Fabricators 1 | . . . . . . . . . . . . . . . . 1 . . . . . . . . . . Overload 1 | . . . . . . . . . . . . . . . . 1 . . . . . . . . . . Repair Stations . | . . . . . . . . . . . . . . . . . . . . . . . . . . . Recycling Units 8 | . . . . . . . . . . . . . . . . . . . . . 3 . 5 . . . Monitor 2 | . . . . . . . . . . . . . . . . . . . . . 1 . 1 . . . Reject 3 | . . . . . . . . . . . . . . . . . . . . . 1 . 2 . . . Recyclers 2 | . . . . . . . . . . . . . . . . . . . . . 1 . 1 . . . Mask 1 | . . . . . . . . . . . . . . . . . . . . . . . 1 . . . Scanalyzers . | . . . . . . . . . . . . . . . . . . . . . . . . . . . Garrison Access 3 | . . . . . . . . . . . . . . . . 1 . . . . . . 2 . . . Broadcast 1 | . . . . . . . . . . . . . . . . . . . . . . . 1 . . . Watchers 2 | . . . . . . . . . . . . . . . . 1 . . . . . . 1 . . . Data Cores Recovered 1 | . . . . . . . . . . . . . . . 1 . . . . . . . . . . . Used 1 | . . . . . . . . . . . . . . . 1 . . . . . . . . . . . Hacking Detections 68 | . 5 . 2 . 6 4 . . . . 13 5 1 . 7 7 . . . . 3 . 14 1 . . Full Trace Events 5 | . . . . . 2 . . . . . . . . . 2 . . . . . . . 1 . . . Feedback Events . | . . . . . . . . . . . . . . . . . . . . . . . . . . . Feedback Blocked . | . . . . . . . . . . . . . . . . . . . . . . . . . . . Robot Schematics Acquired 5 | . . . . . . . . . 5 . . . . . . . . . . . . . . . . . Robots Built . | . . . . . . . . . . . . . . . . . . . . . . . . . . . Authchips . | . . . . . . . . . . . . . . . . . . . . . . . . . . . Time . | . . . . . . . . . . . . . . . . . . . . . . . . . . . Total Robot Build Rating . | . . . . . . . . . . . . . . . . . . . . . . . . . . . Part Schematics Acquired 27 | . . . . . . . . . 11 . 6 . . . . . . . 4 . 3 . 3 . . . Parts Built 3 | . . . . . . . . . . . . . . . . . . . . . . . 3 . . . Authchips . | . . . . . . . . . . . . . . . . . . . . . . . . . . . Time 117 | . . . . . . . . . . . . . . . . . . . . . . . 117 . . . Total Part Build Rating 22 | . . . . . . . . . . . . . . . . . . . . . . . 22 . . . Parts Repaired 11 | . . . . . . . . . . . . . . . . 2 . . . . 3 . 6 . . . Time 759 | . . . . . . . . . . . . . . . . 79 . . . . 166 . 514 . . . Parts Recycled . | . . . . . . . . . . . . . . . . . . . . . . . . . . . Recycled Matter . | . . . . . . . . . . . . . . . . . . . . . . . . . . . Retrieved Matter . | . . . . . . . . . . . . . . . . . . . . . . . . . . . Retrieved Components 9 | . . . . . . . . . . . . . . . . 3 . . . . 2 . 4 . . . Parts Scanalyzed 13 | . . . . . . . . . . . 7 . . . . 2 . . . . 3 . 1 . . . Part Schematics Acquired 10 | . . . . . . . . . . . 6 . . . . . . . . . 3 . 1 . . . Parts Damaged 4 | . . . . . . . . . . . 2 . . . . 1 . . . . 1 . . . . . Bothacking | -11 -10 -10 -9 -9 -8 -7 -7 -7 -7 -6 -6 -6 -6 -6 -6 -5 -5 -5 -5 -4 -4 -4 -4 -4 -4 -4 ------------ Run | Yrd Mat Min Mat Min Mat Fac Low Low Dat Pro Fac Ext Cet Arc Hub Fac Upp Upp Zhi Pro Fac Was Fac Upp Upp War Used RIF Installer . | . . . . . . . . . . . . . . . . . . . . . . . . . . . Robots Hacked 13 | . . . . . 1 1 . . . . 2 1 . . 1 7 . . . . . . . . . . Non-combat 13 | . . . . . 1 1 . . . . 2 1 . . 1 7 . . . . . . . . . . Combat . | . . . . . . . . . . . . . . . . . . . . . . . . . . . Robot Hacks Applied 15 | . . . . . 1 1 . . . . 2 1 . . 1 9 . . . . . . . . . . parse_system 4 | . . . . . . . . . . . 1 . . . . 3 . . . . . . . . . . no_distress 4 | . . . . . 1 . . . . . . 1 . . 1 1 . . . . . . . . . . find_chute 4 | . . . . . . 1 . . . . 1 . . . . 2 . . . . . . . . . . find_fabricator 1 | . . . . . . . . . . . . . . . . 1 . . . . . . . . . . find_recycling 1 | . . . . . . . . . . . . . . . . 1 . . . . . . . . . . check_alert 1 | . . . . . . . . . . . . . . . . 1 . . . . . . . . . . Relay Couplers Released . | . . . . . . . . . . . . . . . . . . . . . . . . . . . Fabnet Peak Effective % . | . . . . . . . . . . . . . . . . . . . . . . . . . . . Robots Rewired 13 | . . . . . . 1 . . . . . 11 . . . 1 . . . . . . . . . . Allies Hacked . | . . . . . . . . . . . . . . . . . . . . . . . . . . . Hacks Repelled . | . . . . . . . . . . . . . . . . . . . . . . . . . . . Allies | -11 -10 -10 -9 -9 -8 -7 -7 -7 -7 -6 -6 -6 -6 -6 -6 -5 -5 -5 -5 -4 -4 -4 -4 -4 -4 -4 -------- Run | Yrd Mat Min Mat Min Mat Fac Low Low Dat Pro Fac Ext Cet Arc Hub Fac Upp Upp Zhi Pro Fac Was Fac Upp Upp War Total Allies 40 | . . . . 2 . 1 . . . . 1 28 5 . . 2 . . . . 1 . . . . . Largest Group 15 | . . . . 2 2 1 1 . . . 1 11 15 11 5 1 . . . . 1 1 1 . . . Highest-Rated Group 922 | . . . . 38 38 21 21 . . . 10 467 922 647 366 26 . . . . 10 10 10 . . . Highest-Rated Ally 159 | . . . . 31 31 21 21 . . . 10 159 159 159 96 26 . . . . 10 10 10 . . . Total Orders 17 | . . . . . . . 1 . . . . 4 2 1 . 3 . . . . . . 6 . . . STAY 5 | . . . . . . . . . . . . . . . . 2 . . . . . . 3 . . . ROAM 1 | . . . . . . . . . . . . . . . . . . . . . . . 1 . . . FOLLOW 3 | . . . . . . . . . . . . . . . . 1 . . . . . . 2 . . . GUARD 7 | . . . . . . . . . . . . 4 2 1 . . . . . . . . . . . . AID 1 | . . . . . . . 1 . . . . . . . . . . . . . . . . . . . Ally Attacks 349 | . . . . . 23 1 4 . . . . 180 62 43 31 5 . . . . . . . . . . Total Damage 7922 | . . . . . 317 23 41 . . . . 3353 1949 1296 908 35 . . . . . . . . . . Kills 48 | . . . . . 2 . . . . . . 23 9 5 9 . . . . . . . . . . . Allies Corrupted 1 | . . . . . . . . . . . . . . . 1 . . . . . . . . . . . Allies Melted 2 | . . . . . . . . . . . . 1 . . . . . . . . . . . . . 1 Intel | -11 -10 -10 -9 -9 -8 -7 -7 -7 -7 -6 -6 -6 -6 -6 -6 -5 -5 -5 -5 -4 -4 -4 -4 -4 -4 -4 ------- Run | Yrd Mat Min Mat Min Mat Fac Low Low Dat Pro Fac Ext Cet Arc Hub Fac Upp Upp Zhi Pro Fac Was Fac Upp Upp War Active Infowar (turns) 14125 | . . . 124 4 315 153 219 177 21 216 662 1234 584 145 220 772 696 1022 185 226 275 382 3683 1017 756 1037 Sensors 8277 | . . . . . 315 153 219 177 21 216 662 1233 584 145 220 663 141 . . . 121 382 1735 697 593 . Terrain 10631 | . . . . . . . . . . . 620 1227 584 98 207 647 696 1022 185 226 275 382 2153 692 701 916 Structural 128 | . . . 124 4 . . . . . . . . . . . . . . . . . . . . . . Jamming 9189 | . . . . . . . . . . . . . . . . 116 493 1022 185 226 274 382 3683 1017 754 1037 ECM 16 | . . . . . . . . . . . 13 . 1 . . . . . . . 1 . . 1 . . Robot Analysis Total 7 | . 1 . . . 1 1 . . . . . . . . . . . . 4 . . . . . . . Derelict Logs Recovered 7 | . . . . 1 . . . . . . . . . . . . 1 2 . 1 . . . 1 1 . Drone Launches . | . . . . . . . . . . . . . . . . . . . . . . . . . . . Drone Recoveries . | . . . . . . . . . . . . . . . . . . . . . . . . . . . Exploration | -11 -10 -10 -9 -9 -8 -7 -7 -7 -7 -6 -6 -6 -6 -6 -6 -5 -5 -5 -5 -4 -4 -4 -4 -4 -4 -4 ------------- Run | Yrd Mat Min Mat Min Mat Fac Low Low Dat Pro Fac Ext Cet Arc Hub Fac Upp Upp Zhi Pro Fac Was Fac Upp Upp War Turns Passed 15609 | 44 496 237 238 87 576 170 219 177 21 320 669 1298 584 145 254 793 696 1022 185 226 275 382 3685 1017 756 1037 Spaces Moved 14950 | 31 343 148 228 235 467 467 496 456 81 624 1768 1389 512 67 626 1579 352 399 152 268 596 395 1723 536 434 578 Core 6 | 5 . 1 . . . . . . . . . . . . . . . . . . . . . . . . Treads 4094 | . . . . . . . . . . . . . . . . . 186 399 58 . . 180 1723 536 434 578 Legs 503 | 26 343 134 . . . . . . . . . . . . . . . . . . . . . . . . Wheels . | . . . . . . . . . . . . . . . . . . . . . . . . . . . Hover . | . . . . . . . . . . . . . . . . . . . . . . . . . . . Flight 10347 | . . 13 228 235 467 467 496 456 81 624 1768 1389 512 67 626 1579 166 . 94 268 596 215 . . . . Fastest Speed 13 | 50 120 37 34 34 26 26 26 24 26 26 14 14 24 24 13 23 100 250 36 17 24 25 152 161 161 152 Average Speed 76 | 115 120 113 73 34 95 26 26 24 26 32 23 23 56 86 22 29 182 250 97 66 32 86 160 161 161 165 Slowest Speed 280 | 120 120 200 280 34 114 26 26 26 26 99 29 90 95 93 24 100 250 250 250 104 99 160 161 161 161 240 Overloaded Moves 162 | . . . . . . . . . . . 25 26 . . 8 . . . . 103 . . . . . . Propulsion Burnouts . | . . . . . . . . . . . . . . . . . . . . . . . . . . . Robots Hopped 39 | . . . . 1 . 1 . 2 . 2 6 13 . . 6 7 . . . . 1 . . . . . Potential Cave-ins . | . . . . . . . . . . . . . . . . . . . . . . . . . . . Cave-ins Triggered 1 | . . . . . . . . . . . . . . . . . 1 . . . . . . . . . Exploration Rate (%) 56 | 4 54 21 25 60 40 14 62 62 69 82 49 96 89 75 66 50 57 69 60 55 10 92 43 57 67 86 Regions Visited 26 Branch Regions 17 Pre-discovered Areas 6 | . . . . . . . . . 1 . . . . . . . 1 . 3 1 . . . . . . Known Exits Taken 16 | . . . . . 1 1 1 1 1 1 1 1 1 1 1 1 . . . 1 . . 1 1 1 . Unknown Exits Taken 8 | 1 1 1 1 1 . . . . . . . . . . . . 1 1 1 . . . . . . . Scrap Searched 17 | . . 1 . . . . 1 2 . 3 . . . . . . 3 2 . 1 . . . 2 2 . Spaces Dug 88 | . . . . . 2 . 1 . . . 11 2 . . 8 13 6 3 . 8 8 . 19 5 2 . Terrain Destroyed 310 | . . . . . 2 . 1 . . . 11 2 . 1 8 17 15 4 . 10 8 1 98 15 69 48 Melee 48 | . . . . . 2 . 1 . . . 11 2 . . . 8 6 3 . 8 7 . . . . . Projectile 102 | . . . . . . . . . . . . . . 1 8 9 9 1 . 2 1 1 36 15 4 15 AOE 160 | . . . . . . . . . . . . . . . . . . . . . . . 62 . 65 33 Terrain Rammed . | . . . . . . . . . . . . . . . . . . . . . . . . . . . Walls Destroyed . | . . . . . . . . . . . . . . . . . . . . . . . . . . . Machines Disabled . | . . . . . . . . . . . . . . . . . . . . . . . . . . . Actions | -11 -10 -10 -9 -9 -8 -7 -7 -7 -7 -6 -6 -6 -6 -6 -6 -5 -5 -5 -5 -4 -4 -4 -4 -4 -4 -4 --------- Run | Yrd Mat Min Mat Min Mat Fac Low Low Dat Pro Fac Ext Cet Arc Hub Fac Upp Upp Zhi Pro Fac Was Fac Upp Upp War Total 18278 | 36 396 191 269 240 551 504 555 517 80 715 1982 2252 799 141 721 1819 372 410 175 297 657 432 2432 628 471 636 Wait 2084 | . 15 22 6 3 22 8 43 60 . 74 166 631 259 55 88 118 . . . 8 33 8 424 26 7 8 Move 14852 | 30 342 147 227 232 466 464 495 451 80 619 1755 1366 511 66 613 1565 351 398 151 267 594 394 1722 535 433 578 Hop 34 | . . . . 1 . 1 . 2 . 2 6 9 . . 6 6 . . . . 1 . . . . . Pick Up 115 | . 9 . 3 . 7 6 1 2 . 1 9 4 4 2 . 4 . 3 2 . 6 4 36 6 2 4 Fast Attach 109 | 6 4 3 5 . 7 1 . . . 3 6 6 5 2 1 8 . 2 8 2 4 6 16 2 3 9 Attach 90 | . 2 2 1 . 3 5 . 1 . 1 4 3 1 2 . 5 4 . . 2 4 4 31 7 3 5 Detach 26 | . . 1 . . . . . . . . 1 2 1 1 . 3 . . 1 3 1 1 9 2 . . Swap 93 | . 3 1 7 . 10 3 . . . 1 10 5 4 2 2 14 . . . . 1 . 12 10 5 3 Drop 150 | . 5 1 7 . 10 7 1 1 . 1 11 4 8 3 1 7 . . 7 2 4 12 38 3 4 13 Fire 325 | . 15 12 13 . 17 5 . . . . . . 1 6 8 32 7 1 . 5 1 3 132 37 14 16 Melee 170 | . . . . . 9 4 15 . . 12 14 48 5 2 2 21 10 6 6 8 8 . . . . . Ram 1 | . . . . . . . . . . 1 . . . . . . . . . . . . . . . . Kick 3 | . 1 2 . . . . . . . . . . . . . . . . . . . . . . . . Crush 11 | . . . . . . . . . . . . . . . . . . . . . . . 11 . . . Escape Stasis 119 | . . . . . . . . . . . . 83 . . . 36 . . . . . . . . . . Rewire 92 | . . . . . . . . . . . . 91 . . . . . . . . . . 1 . . . Trap 4 | . . . . 4 . . . . . . . . . . . . . . . . . . . . . . Miscellaneous . | . . . . . . . . . . . . . . . . . . . . . . . . . . . Route ------- -11/Scrapyard -10/Materials (discovered 3 exits: *Mat x2 / [*Min]) -10/Mines -9/Materials -9/Mines -8/Materials (discovered 3 exits: *Fac x3) -7/Factory (discovered 2 exits: *Fac / *Low) -7/Lower Caves -7/Lower Caves -7/Data Miner -6/Proximity Caves -6/Factory (discovered 5 exits: *Fac / Low x2 / *Ext x2) -6/Extension (discovered 3 exits: *Fac x2 / *Cet) -6/Cetus (discovered 3 exits: *Fac x2 / *Arc) -6/Archives (discovered 3 exits: Fac / *Hub x2) -6/Hub_04(d) (discovered 3 exits: *Fac x3) -5/Factory (discovered 4 exits: *Fac x2 / *Upp x2) -5/Upper Caves -5/Upper Caves (discovered 2 exits: *Fac / *Zhi) -5/Zhirov -4/Proximity Caves -4/Factory -4/Waste -4/Factory (discovered 4 exits: *Res x2 / *Upp x2) -4/Upper Caves -4/Upper Caves -4/Warlord History --------- Turn | Location | Event 14 | -11/Scrapyard | Discovered new exit (range 16) 45 | -11/Scrapyard | Entered Materials 53 | -10/Materials | Discovered new exit (range 15) 166 | -10/Materials | Discovered new exit (range 10) 301 | -10/Materials | Build established: Mutant 307 | -10/Materials | Discovered new exit (range 16) 541 | -10/Materials | Entered Mines 557 | -10/Mines | Discovered new exit (range 10) 726 | -10/Mines | Assembled infested the area 741 | -10/Mines | Core integrity fell below 50% 744 | -10/Mines | Core integrity fell below 20% 773 | -10/Mines | Lost 5 parts (1p2n2w) 778 | -10/Mines | Entered Materials 778 | -9/Materials | Evolved 2 slots: Propulsion x1, Utility x1 885 | -9/Materials | Discovered new exit (range 6) 1016 | -9/Materials | Entered Mines 1041 | -9/Mines | Found a hidden stash of uninstalled traps 1078 | -9/Mines | Discovered new exit (range 10) 1097 | -9/Mines | Received a Rocket Launcher from a helpful Derelict 1103 | -9/Mines | Entered Materials 1103 | -8/Materials | Accompanied by 2 allies 1103 | -8/Materials | Evolved 2 slots: Propulsion x1, Utility x1 1109 | -8/Materials | Led the pair of lost Derelicts to an unsafe place 1469 | -8/Materials | Identified exit to Factory 1679 | -8/Materials | Entered Factory 1679 | -7/Factory | Evolved 2 slots: Propulsion x1, Utility x1 1737 | -7/Factory | Discovered new exit (range 6) 1738 | -7/Factory | Identified exit to Lower Caves 1783 | -7/Factory | Discovered new exit (range 16) 1790 | -7/Factory | Identified exit to Factory 1849 | -7/Factory | Entered Lower Caves 1849 | -7/Lower Caves | Accompanied by 1 ally 1943 | -7/Lower Caves | Build established: Sprinter 2030 | -7/Lower Caves | Encountered a Warlord checkpoint 2066 | -7/Lower Caves | Discovered new exit (range 5) 2067 | -7/Lower Caves | Identified exit to Lower Caves 2068 | -7/Lower Caves | Entered another Lower Caves area 2103 | -7/Lower Caves | Encountered a Warlord checkpoint 2184 | -7/Lower Caves | Discovered new exit (range 11) 2185 | -7/Lower Caves | Identified exit to Data Miner 2245 | -7/Lower Caves | Entered Data Miner 2245 | -7/Data Miner | Discovered new exit (range 6) 2250 | -7/Data Miner | Met Data Miner 2256 | -7/Data Miner | Learned location of Section 7 (-2) 2256 | -7/Data Miner | Acquired the access code to Warlord's prototype stash 2260 | -7/Data Miner | Received God Mode back door access code from Data Miner 2266 | -7/Data Miner | Identified exit to Proximity Caves 2266 | -7/Data Miner | Entered Proximity Caves 2271 | -6/Proximity Caves | Spotter reported a threat 2272 | -6/Proximity Caves | Spotter reported a threat 2324 | -6/Proximity Caves | Spotter reported a threat 2329 | -6/Proximity Caves | Spotter reported a threat 2483 | -6/Proximity Caves | Attracted the attention of an 0b10 checkpoint 2509 | -6/Proximity Caves | Spotted B-75 Beast 2577 | -6/Proximity Caves | Discovered exit to Factory (range 14) 2586 | -6/Proximity Caves | Entered Factory 2586 | -6/Factory | Evolved 2 slots: Utility x2 2598 | -6/Factory | Lost 3 parts (2n1u) 2662 | -6/Factory | Discovered new exit (range 2) 2662 | -6/Factory | Identified exit to Factory 2879 | -6/Factory | Build established: Scout 3027 | -6/Factory | Identified exit to Lower Caves 3027 | -6/Factory | Identified exit to Extension 3255 | -6/Factory | Entered Extension 3307 | -6/Extension | Rescued a captive Derelict 3351 | -6/Extension | Lost 4 parts (1p2u1w) 3374 | -6/Extension | Rescued a captive Derelict 3375 | -6/Extension | Rescued a captive Derelict 3423 | -6/Extension | Rescued a captive Derelict 3424 | -6/Extension | Rescued a captive Derelict 3424 | -6/Extension | Rescued a captive Derelict 3427 | -6/Extension | Rescued a captive Derelict 3455 | -6/Extension | Rescued a captive Derelict 3460 | -6/Extension | Rescued a captive Derelict 3462 | -6/Extension | Rescued a captive Derelict 3581 | -6/Extension | Lost 3 allies 3888 | -6/Extension | Build established: Commander-Scout 3932 | -6/Extension | Spotted B-75 Beast 3969 | -6/Extension | Spotted B-75 Beast 3972 | -6/Extension | Allies destroyed B-75 Beast 3988 | -6/Extension | Allies destroyed B-75 Beast 4002 | -6/Extension | Rescued a captive Derelict 4002 | -6/Extension | Rescued a captive Derelict 4022 | -6/Extension | Lost 10 allies 4082 | -6/Extension | Rescued a captive Derelict 4110 | -6/Extension | Rescued a captive Derelict 4110 | -6/Extension | Rescued a captive Derelict 4130 | -6/Extension | Rescued A7 4132 | -6/Extension | Rescued a captive Derelict 4296 | -6/Extension | Discovered exit to Factory (range 14) 4510 | -6/Extension | Incoming investigation squad redirected 4514 | -6/Extension | Discovered new exit (range 15) 4514 | -6/Extension | Discovered exit to Factory (range 15) 4543 | -6/Extension | Identified exit to Cetus 4553 | -6/Extension | Entered Cetus 4553 | -6/Cetus | Accompanied by 11 allies (A7) 4558 | -6/Cetus | Acquired a Cetus Manufacturing Module code from A7 4568 | -6/Cetus | Spotted Cetus Guard 4568 | -6/Cetus | Spotted Cetus Guard 4628 | -6/Cetus | Discovered exit to Factory (range 16) 4694 | -6/Cetus | Started Cetus Manufacturing Module 4719 | -6/Cetus | Manufactured an Enhanced Grunt 4744 | -6/Cetus | Manufactured an Enhanced Grunt 4769 | -6/Cetus | Manufactured an Enhanced Grunt 4794 | -6/Cetus | Manufactured an Enhanced Grunt 4819 | -6/Cetus | Manufactured an Enhanced Grunt 4871 | -6/Cetus | Discovered new exit (range 16) 4905 | -6/Cetus | Spotted Cetus Guard 4905 | -6/Cetus | Spotted Cetus Guard 4935 | -6/Cetus | Spotted Cetus Guard 4935 | -6/Cetus | Spotted Cetus Guard 4956 | -6/Cetus | Allies destroyed Cetus Guard 4959 | -6/Cetus | Allies destroyed Cetus Guard 4965 | -6/Cetus | Discovered exit to Factory (range 16) 4967 | -6/Cetus | Met Revision 17 4991 | -6/Cetus | Found Prototype Device 4992 | -6/Cetus | Identified Exp. Thermal Shield 5014 | -6/Cetus | Lost 4 allies 5098 | -6/Cetus | Identified exit to Archives 5137 | -6/Cetus | Entered Archives 5137 | -6/Archives | Accompanied by 11 allies (A7) 5207 | -6/Archives | Lost 5 allies 5215 | -6/Archives | Discovered exit to Factory (range 14) 5225 | -6/Archives | Discovered new exit (range 19) 5230 | -6/Archives | Discovered new exit (range 14) 5272 | -6/Archives | Identified exit to Hub_04(d) 5282 | -6/Archives | Entered Hub_04(d) 5282 | -6/Hub_04(d) | Accompanied by 5 allies 5359 | -6/Hub_04(d) | Discovered exit to Factory (range 19) 5387 | -6/Hub_04(d) | Discovered exit to Factory (range 8) 5441 | -6/Hub_04(d) | Network Hub disabled 5489 | -6/Hub_04(d) | Discovered exit to Factory (range 13) 5510 | -6/Hub_04(d) | Network Hub disabled 5515 | -6/Hub_04(d) | Network Hub disabled 5526 | -6/Hub_04(d) | Network Hub disabled 5536 | -6/Hub_04(d) | Spotted Lightning 5536 | -6/Hub_04(d) | Entered Factory 5536 | -5/Factory | Evolved 2 slots: Utility x1, Weapon x1 5737 | -5/Factory | Lost 3 parts (1p1n1u) 5915 | -5/Factory | Repaired Adv. Terrain Scanner 5928 | -5/Factory | Discovered new exit (range 20) 5970 | -5/Factory | Repaired Centrium Medium Armor Plating 6032 | -5/Factory | Discovered new exit (range 14) 6037 | -5/Factory | Identified exit to Factory 6208 | -5/Factory | Discovered exit to Factory (range 3) 6242 | -5/Factory | Discovered new exit (range 6) 6247 | -5/Factory | Identified exit to Upper Caves 6329 | -5/Factory | Entered Upper Caves 6470 | -5/Upper Caves | Crushed by falling debris 6470 | -5/Upper Caves | System corruption reached 10% 6495 | -5/Upper Caves | Learned location of Armory (-3) 6501 | -5/Upper Caves | Lost 3 parts (1n2u) 6837 | -5/Upper Caves | Build established: Scavenger-Mutant 6951 | -5/Upper Caves | Discovered new exit (range 10) 7025 | -5/Upper Caves | Entered another Upper Caves area 7043 | -5/Upper Caves | Discovered exit to Factory (range 7) 7249 | -5/Upper Caves | Learned Factory stockpile data 7552 | -5/Upper Caves | Learned Factory terminal intel 7765 | -5/Upper Caves | Found Alien Artifact 7765 | -5/Upper Caves | Identified Core Expander 7765 | -5/Upper Caves | Installed Core Expander, added new Utility slot 8005 | -5/Upper Caves | Discovered new exit (range 17) 8033 | -5/Upper Caves | Encountered a Warlord checkpoint 8047 | -5/Upper Caves | Entered Zhirov 8047 | -5/Zhirov | Discovered new exit (range 3) 8089 | -5/Zhirov | Met Zhirov 8129 | -5/Zhirov | Found Alien Artifact 8129 | -5/Zhirov | Identified Integrated Reactor 8129 | -5/Zhirov | Installed Integrated Reactor, increased core energy generation (+10) 8203 | -5/Zhirov | Found Alien Artifact 8212 | -5/Zhirov | Learned location of Quarantine (-2) 8212 | -5/Zhirov | Learned location of Testing (-3) 8212 | -5/Zhirov | Learned location of Command (-1) 8215 | -5/Zhirov | Zhirov requested help retrieving the SGEMP Prototype 8232 | -5/Zhirov | Entered Proximity Caves 8380 | -4/Proximity Caves | Attracted the attention of an 0b10 checkpoint 8427 | -4/Proximity Caves | Spotted B-86 Titan 8440 | -4/Proximity Caves | Discovered exit to Factory (range 10) 8458 | -4/Proximity Caves | Entered Factory 8458 | -4/Factory | Evolved 2 slots: Propulsion x1, Utility x1 8460 | -4/Factory | Loaded intel: 26 terminal locations 8549 | -4/Factory | Repaired Broken Centrium Heavy Treads 8593 | -4/Factory | Repaired Fusion Reactor? 8655 | -4/Factory | Repaired Centrium Medium Armor Plating 8685 | -4/Factory | Identified Transdimensional Reconstructor 8733 | -4/Factory | Sucked down chute 8733 | -4/Factory | Entered Waste 8733 | -4/Waste | The area was eerily silent 8758 | -4/Waste | 1 allies followed down the chute 8762 | -4/Waste | Found Prototype Device 8762 | -4/Waste | Identified Adv. Particle Accelerator 8770 | -4/Waste | Discovered new exit (range 16) 9070 | -4/Waste | Found Damper Plating 9112 | -4/Waste | Identified exit to Factory 9115 | -4/Waste | Entered Factory 9115 | -4/Factory | Accompanied by 1 ally 9415 | -4/Factory | Repaired Broken Biometal Heavy Treads? 9565 | -4/Factory | Repaired Broken Enh. Hardcell Cannon? 9643 | -4/Factory | Build established: Scavenger-Skirmisher 10080 | -4/Factory | Found Fusion Bomb Launcher 10253 | -4/Factory | Build established: Tank 10619 | -4/Factory | Discovered new exit (range 13) 10667 | -4/Factory | Identified exit to Upper Caves 10717 | -4/Factory | Identified exit to Research 10901 | -4/Factory | Destroyed 7 combat bots 11297 | -4/Factory | Found Prototype Device 11421 | -4/Factory | Discovered exit to Research (range 14) 11622 | -4/Factory | Repaired Broken Exp. Thermal Shield 11762 | -4/Factory | Build established: Mutant 11787 | -4/Factory | Repaired Fusion Reactor 12358 | -4/Factory | Fabricated Adv. Launcher Guidance Computer? 12488 | -4/Factory | Fabricated Adv. Hacking Suite (x1) 12678 | -4/Factory | Repaired Exp. Weapon Shielding 12727 | -4/Factory | Repaired Broken Lrn. Terrain Scanner 12800 | -4/Factory | Entered Upper Caves 12876 | -4/Upper Caves | Identified Exp. ECM Suite 12985 | -4/Upper Caves | Encountered a Warlord checkpoint 13041 | -4/Upper Caves | Attracted the attention of an 0b10 checkpoint 13304 | -4/Upper Caves | Discovered new exit (range 18) 13391 | -4/Upper Caves | Build established: Skirmisher 13459 | -4/Upper Caves | Attracted the attention of an 0b10 base 13460 | -4/Upper Caves | Learned Factory security intel 13460 | -4/Upper Caves | Learned Armory terminal intel 13808 | -4/Upper Caves | Identified exit to Upper Caves 13817 | -4/Upper Caves | Entered another Upper Caves area 14083 | -4/Upper Caves | Encountered a Warlord checkpoint 14298 | -4/Upper Caves | Discovered new exit (range 13) 14316 | -4/Upper Caves | Identified exit to Warlord 14385 | -4/Upper Caves | Learned location of 1 exit from Research 14495 | -4/Upper Caves | Lost 3 parts (1p2u) 14573 | -4/Upper Caves | Entered Warlord 14763 | -4/Warlord | Build established: Tank 14799 | -4/Warlord | Met Warlord 14824 | -4/Warlord | Warlord's base attacked by MAIN.C 14870 | -4/Warlord | Opened Warlord's prototype stash 14881 | -4/Warlord | Found Prototype Reactor 14889 | -4/Warlord | Found Prototype Hackware 15174 | -4/Warlord | Warlord forces counterattacked 15313 | -4/Warlord | Found Prototype Energy Cannon 15313 | -4/Warlord | Identified Vortex Driver 15316 | -4/Warlord | Found Vortex Driver 15327 | -4/Warlord | Found Prototype Launcher 15327 | -4/Warlord | Identified Vortex Catalyst Activator 15488 | -4/Warlord | Spotted Executioner 15497 | -4/Warlord | Destroyed Executioner 15499 | -4/Warlord | Warlord base infiltrated, sounded retreat 15524 | -4/Warlord | Destroyed 8 combat bots 15547 | -4/Warlord | Lost 5 parts (2n2u1w) 15563 | -4/Warlord | Lost 7 allies 15605 | -4/Warlord | Spotted Executioner 15607 | -4/Warlord | Destroyed Executioner 15610 | -4/Warlord | Self-destructed Last Messages --------------- 15590_ System corrupted: Substantial component data lost. 15596_ Vortex penetrates WAR.Sys. 15596_ WAR.Sys disabled. 15596_ Vortex penetrates P-80 Master. 15596_ P-80 Master destroyed. 15599_ Vortex penetrates Wall. 15599_ Slug penetrates Wall. 15601_ Exp. Heat Sink destroyed. 15601_ Penetrated by Slug. 15601_ Slug penetrates Door. 15602_ Vortex penetrates P-70 Sage. 15602_ P-70 Sage suffers critical hit (Sunder). 15602_ P-70 Sage Mic. Fission Core ripped off. 15602_ P-70 Sage Imp. Remote Datajack ripped off. 15602_ P-70 Sage destroyed. 15602_ Vortex penetrates Wall. 15605_ Antimatter Reactor destroyed. 15607_ Vortex penetrates Executioner. 15607_ Executioner destroyed. 15610_ Vortex Driver destroyed. Map ----- +----------------------------------------------------+ | ! #### #######""####?#########?#### | | "" " =""##+###### #######""###?######?#?##?## | | " %" ## #######""######?########### # | | " # ## #######""#######?###?#?### # | | # # """ ## #######""############?#### # | | # # """ ## ########################?# ## | | # # """ ## #############?############ #? | | # # """ ## ########################## ## | | # ^# """ ## ###################?##### # | | # ^# ## ## #?#############?# | | #^ # ## ## """################# ## | | # ####+###### + !"############# # #### | | # ### ###### ## """############ ? ?### | | #### #### ###### ##############?##?# ?#### | | # #### ###### ###?############### ## ? ### | | + ###############?######?# ? #?? | | # ^^ ###########?###########?? ###? | | #+####+#### ^ ######################?####?? | | # # #####################?# ?#?#?? | | # # ######?####?########?##? #?#?# | | #### + ##########?#?#########? ??##? | | #### # #?#####?###?##?#######??##??? | | #### ###### ########?#####?###?#????##### | | #### # # ####################?#? ??#?# | | #### # # #####;;;; ;;;;#?####?#? ???## | | #### # ; @ %%= ? #???# | | ############## # =|p*?? ??##? | | #######?###### #########;#;;#######?#?#??#####? | | ################################?####?#?##??##??## | | ########################?##?#?##??####?#?#?#?#??#? | | ###############?########??##?####?????????#??????? | | ##############?#######??######?####????????????#?? | | #########?############?####?#?#?#?##??#??#???###?? | | | | | | | | | | | | | | | | | | | | | | | | | | | | | | | | | | | +----------------------------------------------------+ Best States ------------- Heat Dissipation 85 Coolant Potential 100 Energy Generation 33 Energy Capacity 325 Matter Stores 300 Matter Capacity 300 Sight Range 16 Robot Scan Range 18 Terrain Scan Range 24 Terrain Scan Density 210 ECM Strength 2 Jamming Range 16 Additional Mass Support 6 Armor Coverage 3200 Resistance: TH 30 Resistance: EM 90 Propulsion Shielding 66 Utility Shielding 66 Weapon Shielding 90 Melee Speed Boost 20 Evasion (%) 66 Targeting Accuracy 6 Melee Accuracy 8 Recoil Reduction 6 Matter Filtering 50 Defensive Hacking 14 Item Schematics ----------------- Combat Drone Bay | -7/Data Miner | Free Lgt. Regenerative Plating | -7/Data Miner | Free Cld. Aerolev Unit | -7/Data Miner | Free Thermal Defense Suite | -7/Data Miner | Free Imp. Lightning Gun | -7/Data Miner | Free Cmb. Gravmag System | -7/Data Miner | Free Point Defense System | -7/Data Miner | Free Hyp. Coil Gun | -7/Data Miner | Free Coil Gun | -7/Data Miner | Free Enh. Gauss Cannon | -7/Data Miner | Free Hyp. Mass Driver | -7/Data Miner | Free Enh. Nuclear Core | -6/Factory | Scanalyzed Cld. Cesium-ion Thruster | -6/Factory | Scanalyzed Imp. Propulsion Shielding | -6/Factory | Scanalyzed Imp. Reaction Control System | -6/Factory | Scanalyzed Microactuators | -6/Factory | Scanalyzed Adv. Heat Sink | -6/Factory | Scanalyzed Assault Drone Bay | -5/Zhirov | Free Exp. Heat Sink | -5/Zhirov | Free Exp. Optical Array | -5/Zhirov | Free Imp. Arc Thrower | -5/Zhirov | Free Drone Bay | -4/Factory | Scanalyzed Exp. Thermal Shield | -4/Factory | Scanalyzed Imp. Utility Shielding | -4/Factory | Scanalyzed Enh. Hardcell Cannon | -4/Factory | Scanalyzed Adv. Hacking Suite | -4/Factory | Hacked Heavy Servo Lattice | -4/Factory | Hacked Robot Schematics ------------------ H-66 Slayer | -7/Data Miner | Free O-24 Administrator | -7/Data Miner | Free L-41 Fighter | -7/Data Miner | Free B-48 Gladiator | -7/Data Miner | Free G-50 Soldier | -7/Data Miner | Free Fabricated ------------ Adv. Launcher Guidance Computer | x2 | -4/Factory | Preloaded Adv. Hacking Suite | x1 | -4/Factory Repaired ---------- Adv. Terrain Scanner | 12% | -5/Factory Centrium Medium Armor Plating | 68% | -5/Factory Centrium Heavy Treads | 84% | -4/Factory | Broken Fusion Reactor | 51% | -4/Factory Centrium Medium Armor Plating | 65% | -4/Factory Biometal Heavy Treads | 7% | -4/Factory | Broken Enh. Hardcell Cannon | 5% | -4/Factory | Broken Exp. Thermal Shield | 63% | -4/Factory | Broken Fusion Reactor | 7% | -4/Factory Exp. Weapon Shielding | 17% | -4/Factory Lrn. Terrain Scanner | 3% | -4/Factory | Broken Alien Tech Used ----------------- Core Expander Integrated Reactor Achievements -------------- 404 Turtlemind Challenges ------------ None Game ------ Seed HackingChipScanner Manual? 0 Play Time 07:25:24 Cumulative 206.1 hours Start 2025.05.06 @ 22:45:13 End 2025.05.09 @ 01:49:49 Sessions 3 Manual Loads 0 Difficulty Rogue Special Mode None Game No. 91 Rogue 48 Adventurer 43 Explorer 0 Win Type - Total 6 Types 4/0/1/0/0/0/0/1/0/0 Lore% 67 Gallery% 64 Achievement% 60 Wizard Run 0 Options --------- Layout 0 ASCII 0 Keyboard 0 Movement Mouse Keybinds 0 Fullscreen 1 Font 24/Smallcaps Map View 76x50 Zoom Use 0% Tactical HUD 1 Map Filters NONE Filters NONE Steam 1 RUN: 93c5e01b-824f-4ee5-8a7e-15abd1483770